 Dungeon Crawl Stone Soup version 0.25.0-9-g26727b657a (webtiles) character file.

Game seed: 154331569759848038

82 Gobbopathe the Firebug (level 4, -7/30 HPs)
             Began as a Demonspawn Fire Elementalist on June 21, 2020.
             Mangled by an ogre
             ... wielding a +0 giant club
              (17 damage)
             ... on level 2 of the Dungeon.
             The game lasted 00:14:28 (3234 turns).

Gobbopathe the Firebug (DsFE)                       Turns: 3234, Time: 00:14:29

Health: -7/30      AC:  2    Str:  9      XL:     4   Next: 21%
Magic:  0/16       EV: 12    Int: 16 (17) God:
Gold:   134        SH:  0    Dex: 12 (13) Spells: 4/8 levels left

rFire    + . .     SeeInvis .   a - +2 flail (vorpal)
rCold    . . .     Gourm    .   (no shield)
rNeg     . . .     Faith    .   d - +0 robe
rPois    .         Spirit   +   (helmet restricted)
rElec    .         Reflect  .   (no cloak)
rCorr    .         Harm     .   (no gloves)
MR       .....                  (no boots)
Stlth    ++........             (no amulet)
HPRegen  0.10/turn              u - ring of magical power
MPRegen  0.15/turn              q - ring of protection from fire

@: no status effects
A: antennae 1, magic shield
a: no special abilities


You were on level 2 of the Dungeon.
You were not hungry.

You visited 1 branch of the dungeon, and saw 4 of its levels.

You collected 134 gold pieces.

Inventory:

Hand Weapons
 a - a +2 vorpal flail (weapon)
 b - a +0 hunting sling
 g - a +1 dagger of speed
Missiles
 e - 18 sling bullets
 l - 14 poisoned darts (quivered)
 n - 49 stones
 r - 4 boomerangs
Armour
 d - a +0 robe (worn)
 v - a +2 chain mail of fire resistance
Jewellery
 q - a ring of protection from fire (right hand)
 s - an uncursed ring of protection from cold
 u - a ring of magical power (left hand)
Wands
 p - a wand of flame (18)
Scrolls
 i - 2 scrolls of fog
 j - 2 scrolls of amnesia
 k - a scroll of enchant weapon {unknown}
Potions
 h - a potion of flight {unknown}
Comestibles
 c - a ration
 f - 8 chunks of flesh


   Skills:
 - Level 1.7 Dodging
 - Level 1.7 Stealth
 + Level 2.6 Spellcasting
 + Level 2.1 Conjurations
 * Level 3.8 Fire Magic


You had 4 spell levels left.
You knew the following spells:

 Your Spells              Type           Power        Failure   Level  Hunger
a - Foxfire               Conj/Fire      ##..         6%          1    #......
b - Conjure Flame         Conj/Fire      ##......     17%         3    ###....

Your spell library contained the following spells:

 Spells                   Type           Power        Failure   Level  Hunger
 Inner Flame              Hex/Fire       #.......     26%         3    ###....
 Sticky Flame             Conj/Fire      ##......     50%         4    #####..
 Fireball                 Conj/Fire      ##........   85%         5    ######.


Dungeon Overview and Level Annotations

Branches:
Dungeon (4/15)
 Temple: D:4-7

Altars:
Trog

Annotations:
D:2 Sigmund
D:3 1 runed translucent door, Jaiteiro's ghost, amateur HaWr
D:4 exclusion: orc priest


Innate Abilities, Weirdness & Mutations

You have a pair of small antennae on your head.
When hurt, damage is shared between your health and your magic reserves.


Message History

There is a stone staircase leading down here.
A worm comes into view.
Found a spear.
The orc barely misses you. The kobold barely misses you.
Sigmund shouts!
Sigmund points at you and mumbles some strange words.
You resist with some effort. The kobold barely misses you.
Found a rare book.
Found a bloodstained altar of Trog.
The spellbook bursts into flames!
Trog roars with delight!
Sigmund gestures wildly while chanting.
Sigmund flickers and vanishes!
Deactivating autopickup; reactivate with Ctrl-A.
Casting: Foxfire (safe; 6% risk of failure)
Confirm with . or Enter, or press ? or * to list all spells.
The spell is quite dangerous to cast (17% risk of failure)!
Continue anyway?
The fire begins to smolder!
The ogre hits you with a +0 giant club!!
Ouch! That really hurt!
You die...

.####.# ....#.##.
######### .##.#.##.
#.).#...#
.##.#.##.##...#._.#
.##.#.##.#....#...#
......##......#.ยง.#
###.####...w..#...
##.# #......##.#
#..# #......o#@#
#.## ##.....{#O# #.#
##....Kl.# ##.#
#>.....### .#.#
#.##.#.#
...######.##....#
..................
...######.##....##
.#.# #.##.#%##


You could see an ogre and a frilled lizard.

Vanquished Creatures
  4 worms
  2 dart slugs
  2 leopard geckos (D:1)
  4 orcs
  A ball python (D:1)
  2 bats
  A giant cockroach (D:1)
  12 goblins
  9 hobgoblins
  3 jackals (D:3)
  5 kobolds
  2 quokkas (D:3)
  4 frilled lizards
  2 rats
53 creatures vanquished.

Vanquished Creatures (others)
  79 foxfires
79 creatures vanquished.

Grand Total: 132 creatures vanquished

Notes
Turn   | Place    | Note
-------+----------+-------------------------------------------
     0 | D:1      | Gobbopathe the Demonspawn Fire Elementalist began the quest
                  | for the Orb.
     0 | D:1      | Reached XP level 1. HP: 13/13 MP: 3/3
   262 | D:1      | Reached skill level 3 in Fire Magic
   320 | D:1      | Gained mutation: When hurt, damage is shared between your
                  | health and your magic reserves. [demonic ancestry]
   320 | D:1      | Reached XP level 2. HP: 13/19 MP: 5/5
  1253 | D:2      | Noticed Sigmund
  1410 | D:2      | Reached XP level 3. HP: 24/24 MP: 4/6
  1421 | D:2      | Learned a level 3 spell: Conjure Flame
  1516 | D:2      | Found a bloodstained altar of Trog.
  1896 | D:2      | Noticed an ogre
  1901 | D:3      | Found a runed translucent door.
  1903 | D:3      | Noticed a bullfrog
  1905 | D:3      | Noticed Jaiteiro's ghost (amateur HaWr)
  2203 | D:3      | HP: 1/24 [jackal (2)]
  2976 | D:3      | Gained mutation: You have a pair of small antennae on your
                  | head. [demonic ancestry]
  2976 | D:3      | Reached XP level 4. HP: 18/30 MP: 7/7
  3231 | D:2      | Found a bloodstained altar of Trog.
  3234 | D:2      | Mangled by an ogre

Illustrated notes

Levels and vault maps discovered:
D:1:      roderic_octagonal_star, layout_basic, minmay_tripent
D:2:      layout_loops_corners, lemuel_round_altar, trog_book, uniq_sigmund
D:3:      layout_loops_ring, ebering_ghost_sewer_d, minmay_goblin_outpost
D:4:      layout_loops_corners, serial_shops, kennysheep_mini,
          uniq_crazy_yiuf_cottage

Skill      XL: |  1  2  3 |
---------------+----------+-----
Fire Magic     | 3 |  3.8
Conjurations   | 2 |  2.1
Dodging        | |  1.7
Stealth        | |  1.7
Spellcasting   | |  2.6

Action                   |  1- 3 |  4- 6 || total
-------------------------+-------+-------++-------
Melee: Short sword       |    58 |       ||    58
       Hand axe          |     8 |       ||     8
       Flail             |    19 |    19 ||    38
       Dagger            |     9 |       ||     9
 Fire: Hunting sling     |     5 |       ||     5
Throw: Dart              |     9 |     8 ||    17
 Cast: Foxfire           |    68 |     7 ||    75
       Conjure Flame     |     3 |     1 ||     4
  Use: Scroll            |     6 |       ||     6
       Potion            |     3 |       ||     3
 Stab: Sleeping          |     8 |       ||     8
  Eat: Chunk             |     7 |     1 ||     8
Armor: Robe              |    10 |     2 ||    12
Dodge: Dodged            |    81 |    22 ||   103
